 Dungeon Crawl Stone Soup version 0.18.1-1-g2f07953 (webtiles) character file.

16 M4edhros the Shield-Bearer (level 2, 0/21 HPs)
             Began as an Octopode Fighter on May 7, 2016.
             Was an Initiate of Qazlal.
             Killed by divine providence
             ... invoked by an orc priest
              (10 damage)
             ... on level 4 of the Dungeon.
             The game lasted 00:01:31 (423 turns).

M4edhros the Shield-Bearer (Octopode Fighter)        Turns: 423, Time: 00:01:31

Health: 0/21       AC:  1    Str: 15    XL:     2   Next: 58%
Magic:  2/2        EV: 10    Int: 10    God:    Qazlal [......]
Gold:   38         SH:  8    Dex: 11    Spells: 0 memorised, 1 level left

rFire  . . .     SeeInvis .     a - +0 flail
rCold  . . .     Gourm    .     b - +0 shield
rNeg   . . .     Faith    .     (helmet restricted)
rPois  .         Spirit   .     m - amulet of rage
rElec  .         Dismiss  .     j - ring of sustain attributes
rCorr  .         Reflect  .     (no ring)
SustAt +         Harm     .     (no ring)
MR     .....                    (no ring)
Stlth  ++........               (no ring)
                                (no ring)
                                (no ring)
                                (no ring)

@: not resistant to hostile enchantments, unstealthy
A: almost no armour, amphibious, 8 rings, constrict 8, camouflage 1, gelatinous
body 1
a: Renounce Religion, Evoke Berserk Rage


You were on level 4 of the Dungeon.
You worshipped Qazlal.
Qazlal was noncommittal.
You were not hungry.

You visited 1 branch of the dungeon, and saw 4 of its levels.

You collected 38 gold pieces.

Inventory:

Hand Weapons
 a - a +0 flail (weapon)
Missiles
 l - 4 tomahawks (quivered)
Armour
 b - a +0 shield (worn)
Jewellery
 j - a ring of sustain attributes (left tentacle)
 m - an amulet of rage (around mantle)
Scrolls
 f - a scroll of enchant armour {unknown}
 g - a scroll of random uselessness {unknown}
Potions
 c - a potion of might
 e - a potion of curing {unknown}
 h - a potion of flight {unknown}
 k - a potion of haste {unknown}
Comestibles
 d - 3 bread rations
 i - a meat ration


   Skills:
 - Level 3.0 Fighting
 + Level 2.5 Maces & Flails
 - Level 3.0 Dodging
 + Level 3.4 Shields


You had one spell level left.
You didn't know any spells.

Dungeon Overview and Level Annotations

Branches:
Dungeon (4/15)
 Temple: D:4-7

Altars:
Okawaru
Qazlal


Innate Abilities, Weirdness & Mutations

You cannot wear most types of armour.
You are amphibious.
You can wear up to eight rings at the same time.
You can use your tentacles to constrict eight enemies at once.
Your skin changes colour to match your surroundings (Stealth).
Your rubbery body absorbs attacks (AC +1).


Message History

Found a glowing bronze amulet.
m - a glowing bronze amulet Put on which piece of jewellery? (? for menu, Esc to quit)
m - an amulet of rage (around mantle)
Found a rapier.
You see here a rapier.
Found an escape hatch in the ceiling.
A worker ant comes into view.
Found a stone staircase leading down.
An orc priest comes into view. It is wielding a falchion.
Found an iron altar of Okawaru. 2 orcs and an orc priest come into view.
The worker ant twitches its antennae in your direction.
The orc shouts!
The orc priest shouts!
The orc priest calls down the wrath of Beogh upon you.
Pain shoots through your body!
Ouch! That really hurt!
The orc priest calls down the wrath of Beogh upon you.
Beogh smites you!
You die...

## ##8 #. ##8..
#####.#######...
#.......>..#_.
#..o.....<###
#.o.o......#
.......a..#
#.o.....#
..##.#@## #.# #
#.# #.##.#.###
#.....)..#####
#.##.#.......#
#.###.##### #.#
#.####
###.###....####
###


You could see a worker ant, 2 orc priests and 2 orcs.

Vanquished Creatures
  An adder skeleton (D:4)
  A worm (D:3)
  A giant cockroach (D:3)
  A goblin (D:2)
  A hobgoblin (D:2)
  2 kobolds (D:3)
  A quokka (D:3)
  2 rats
10 creatures vanquished.

Notes
Turn   | Place    | Note
--------------------------------------------------------------
     0 | D:1      | M4edhros the Octopode Fighter began the quest for the Orb.
     0 | D:1      | Reached XP level 1. HP: 16/16 MP: 1/1
   101 | D:3      | Reached XP level 2. HP: 9/21 MP: 2/2
   320 | D:4      | Found a stormy altar of Qazlal.
   361 | D:4      | Became a worshipper of Qazlal Stormbringer
   420 | D:4      | Found an iron altar of Okawaru.
   423 | D:4      | Killed from afar by an orc priest

Action                   || total
-------------------------++-------
Melee: Flail             ||    20
       Constrict         ||    10
       Tentacles         ||     5
 Stab: Sleeping          ||     1
Armor: Skin              ||     1
Dodge: Dodged            ||     4
Block: Shield            ||     7
